Cogmind - Beta 11 @@@ ROGUE MODE // 2022.04.09 @ 08:56:43 Player: 3.14 Result: Self-destructed Performance ------------- Evolutions (3) 1500 Regions Visited (7) 1400 Robots Destroyed (101) 505 Value Destroyed (2637) 2637 Prototype IDs (7) 140 Alien Tech Used (0) 0 Bonus (637) 637 TOTAL SCORE: 6819 Bonus ------- High Alert Combat Kills 397 Follower Combat Kills 394 Friendly Fire -154 Cogmind --------- Core Integrity 531/700 Matter 258/300 Energy 238/240 System Corruption 0% Temperature Cool (0) Movement Treading (160) Location -6/Zion Parts ------- > --- POWER (1) -------- Nuclear Core > --- PROPULSION (4) --- Light Treads Light Treads Improved Treads Medium Treads > --- UTILITY (5) ------ Heat Sink High-capacity Storage Unit Kinecellerator Improved Light Armor Plating Improved Shield Generator > --- WEAPON (3) ------- Heavy Assault Rifle Improved Assault Rifle Improved Assault Rifle > --- INVENTORY (20) --- Light Nuclear Core Light Treads Improved Treads Improved Heat Sink Coolant Injector Light Armor Plating Light Armor Plating Light Armor Plating Layered Light Armor Plating Authchip [Processor] System Restoration Module Ion Burst Cannon Heavy Assault Rifle Heavy Assault Rifle Heavy Assault Rifle Autogun Autogun Improved Assault Rifle Grenade Launcher Heavy Hammer Peak State ------------ > --- POWER ------------ Light Nuclear Core > --- PROPULSION ------- Light Treads Light Treads Improved Treads Medium Treads > --- UTILITY ---------- Improved Heat Sink High-capacity Storage Unit Kinecellerator Improved Light Armor Plating Layered Light Armor Plating > --- WEAPON ----------- Improved Assault Rifle Improved Assault Rifle Gauss Rifle > --- INVENTORY -------- Nuclear Core Light Treads Improved Treads Heat Sink Light Armor Plating Light Armor Plating Light Armor Plating Authchip [Processor] System Restoration Module Ion Burst Cannon Heavy Assault Rifle Heavy Assault Rifle Heavy Assault Rifle Heavy Assault Rifle Autogun Improved Assault Rifle Grenade Launcher Heavy Hammer [Rating: 40] Favorites ----------- Power Improved Ion Engine Engine Improved Ion Engine Power Core Light Nuclear Core Propulsion Light Treads Treads Light Treads Leg Aluminum Leg Utility Light Armor Plating Device Improved Heat Sink Storage High-capacity Storage Unit Hackware Authchip [R/Combat] Protection Light Armor Plating Weapon Improved Assault Rifle Energy Gun Small Laser Energy Cannon Ion Burst Cannon Ballistic Gun Improved Assault Rifle Launcher Grenade Launcher Impact Weapon Heavy Hammer Build | -11 -10 -9 -9 -9 -7 -7 -6 ------- Run | Scr Mat Mat Sto Rec Fac Low Zio Slots Evolved 6 | . . 2 . . 4 . . Power . | . . . . . . . . Propulsion 2 | . . 1 . . 1 . . Utility 3 | . . 1 . . 2 . . Weapon 1 | . . . . . 1 . . Parts Attached 88 | 6 11 18 25 . 21 7 . Power 10 | 1 3 1 2 . 2 1 . Engine 7 | 1 3 1 2 . . . . Core 3 | . . . . . 2 1 . Reactor . | . . . . . . . . Propulsion 24 | 2 4 4 8 . 6 . . Treads 22 | 2 2 4 8 . 6 . . Leg 2 | . 2 . . . . . . Wheel . | . . . . . . . . Hover . | . . . . . . . . Flight . | . . . . . . . . Utility 27 | 1 2 6 7 . 9 2 . Device 6 | . 1 1 . . 2 2 . Storage 7 | 1 1 2 2 . 1 . . Processor . | . . . . . . . . Hackware 1 | . . . . . 1 . . Protection 13 | . . 3 5 . 5 . . Artifact . | . . . . . . . . Weapon 27 | 2 2 7 8 . 4 4 . Energy Gun 5 | . 2 3 . . . . . Energy Cannon 1 | . . . 1 . . . . Ballistic Gun 18 | 2 . 3 6 . 3 4 . Ballistic Cannon . | . . . . . . . . Launcher 2 | . . 1 . . 1 . . Special Weapon . | . . . . . . . . Impact Weapon 1 | . . . 1 . . . . Slashing Weapon . | . . . . . . . . Piercing Weapon . | . . . . . . . . Special Melee Weapon . | . . . . . . . . Unidentified Prototypes 1 | . . . 1 . . . . Parts Lost 7 | . 4 1 2 . . . . Power 2 | . 1 . 1 . . . . Propulsion 1 | . 1 . . . . . . Utility 1 | . . . 1 . . . . Weapon 3 | . 2 1 . . . . . Highest Loss Streak 2 | . 2 1 1 . . . . To Critical Strikes . | . . . . . . . . Average Slot Usage (%) 98 | . 92 99 98 100 97 100 100 Engine 8 | . 13 11 10 11 1 . . Core 1 | . . . . . 5 7 7 Treads 30 | . 20 32 32 33 29 30 30 Device 6 | . 7 6 . . 13 18 23 Storage 10 | . 14 11 11 11 7 7 7 Protection 15 | . . 15 21 22 14 11 7 Energy Gun 3 | . 13 8 . . . . . Ballistic Gun 19 | . 14 13 21 22 22 23 23 Naked Turns . | . . . . . . . . Heaviest Build 99 | 13 21 97 99 59 67 69 68 Greatest Support 91 | 40 40 60 63 63 91 91 91 Greatest Overweight (x) 1 | . 1 1 1 . . . . Average Overweight (x) . | . . . . . . . . Largest Inventory Capacity 25 | 8 10 25 25 20 20 20 20 Average Capacity 17 | 6 8 14 20 20 20 20 20 Most Carried 20 | 4 10 15 20 20 20 20 20 Average Carried 15 | 2 6 12 16 20 19 19 20 Final Capacity 20 | 8 10 15 20 20 20 20 20 Final Carried 20 | 4 10 15 20 20 20 20 20 Class Distribution -------------------- 25% | Commander-Mutant 24% | Scavenger-Mutant 23% | Mutant 23% | Scavenger-Tank 3% | Commander-Tank Dominant Class ---------------- Mutant | -10/Materials Mutant | -9/Materials Scavenger-Mutant | -9/Storage Commander-Mutant | -9/Recycling Scavenger-Tank | -7/Factory Scavenger-Tank | -7/Lower Caves Scavenger-Tank | -6/Zion Resources | -11 -10 -9 -9 -9 -7 -7 -6 ----------- Run | Scr Mat Mat Sto Rec Fac Low Zio Matter Collected 2635 | 234 274 381 763 32 734 217 . Remotely . | . . . . . . . . Salvage Created 3854 | 53 698 629 1049 195 918 312 . Parts 210 | 3 40 46 59 4 44 14 . Haulers Intercepted 7 | . 1 2 4 . . . . Recyclers Shooed 9 | . 1 2 1 4 1 . . Parts Field Recycled . | . . . . . . . . Retrieved Matter . | . . . . . . . . Parts Self-Destructed 13 | . . . . . . 13 . Prevented . | . . . . . . . . Kills | -11 -10 -9 -9 -9 -7 -7 -6 ------- Run | Scr Mat Mat Sto Rec Fac Low Zio Combat Hostiles Destroyed 68 | . 14 12 17 . 17 8 . Melee 1 | . 1 . . . . . . Guns 59 | . 13 8 17 . 13 8 . AOE 8 | . . 4 . . 4 . . Classes Destroyed 12 | 1 4 4 . . 3 . . Worker 8 | . . 4 3 . 1 . . Builder 4 | . . 3 1 . . . . Hauler 7 | . 1 2 4 . . . . Recycler 9 | 1 1 1 1 3 2 . . Operator 2 | . 2 . . . . . . Watcher 3 | . 1 1 1 . . . . Swarmer 18 | . . 8 3 . 3 4 . Grunt 35 | . 14 1 8 . 9 3 . Brawler 2 | . . . . . 1 1 . Sentry 11 | . . 3 6 . 2 . . Hunter 1 | . . . . . 1 . . Programmer 1 | . . . . . 1 . . Best Kill Streak 5 | 1 5 5 4 2 5 4 . Combat Bots Only 5 | . 5 5 3 . 4 4 . Max Kills in Single Turn 3 | 1 1 3 2 1 2 1 . Gunslinging 1 | . . . 1 . . . . Exploded 3 | . . 3 . . 2 . . Melee 1 | . 1 . . . . . . Uniques/NPCs Destroyed . | . . . . . . . . Combat | -11 -10 -9 -9 -9 -7 -7 -6 -------- Run | Scr Mat Mat Sto Rec Fac Low Zio Damage Taken 3788 | . 887 293 967 68 1076 497 . Core 406 | . 125 26 75 11 72 97 . Absorbed by Shields 78 | . . . . . . 78 . Regen/Repaired (Parts) 325 | . 134 47 144 . . . . Core Remaining (%) 74 | 100 50 . . 72 . . . Volleys Fired 265 | 1 63 47 78 3 56 17 . Largest 3 | 2 2 2 2 2 3 3 . Hottest 115 | 40 115 115 46 46 74 74 . Shots Fired 592 | 2 125 92 156 6 160 51 . Gun 586 | 2 125 90 156 6 156 51 . Cannon . | . . . . . . . . Launcher 6 | . . 2 . . 4 . . Special . | . . . . . . . . Kinetic 498 | 2 73 54 156 6 156 51 . Thermal 88 | . 52 36 . . . . . Explosive 6 | . . 2 . . 4 . . Electromagnetic . | . . . . . . . . Robot Hit Streak 12 | 2 11 6 12 3 8 5 . Robot Miss Streak 4 | . 3 4 4 1 3 2 . Penetration Max 1 | . . . . . 1 1 . Secondary Targets 10 | . 2 1 1 . 2 4 . Max Gunslinging Chain 1 | . 1 1 1 . 1 1 . Shots Hit Robots 373 | 2 89 50 112 4 87 29 . Core Hits 169 | 2 35 30 41 3 43 15 . Critical Kills 1 | . . . . . 1 . . Critical Parts Destroyed 2 | . . . 1 . 1 . . Critical Strikes 8 | . 3 2 1 . 2 . . Burn 5 | . 3 2 . . . . . Destroy 3 | . . . 1 . 2 . . Melee Attacks 3 | . . . 3 . . . . Impact 3 | . . . 3 . . . . Slashing . | . . . . . . . . Piercing . | . . . . . . . . Sneak Attacks 1 | . . . 1 . . . . Combat Hostiles . | . . . . . . . . Follow-up Attacks . | . . . . . . . . Damage Inflicted 6870 | 23 1084 1026 1849 200 2102 586 . Guns 5823 | 23 1070 748 1741 65 1609 567 . Cannons . | . . . . . . . . Explosions 716 | . . 225 . . 491 . . Melee 38 | . . . 38 . . . . Ramming 293 | . 14 53 70 135 2 19 . Kinetic 5000 | 23 516 479 1741 65 1609 567 . Thermal 823 | . 554 269 . . . . . Explosive 716 | . . 225 . . 491 . . Electromagnetic . | . . . . . . . . Impact 38 | . . . 38 . . . . Slashing . | . . . . . . . . Piercing . | . . . . . . . . Highest Corruption 1 | . . . 1 1 . . . Average Corruption 1 | . . . 1 1 . . . Corruption Purged . | . . . . . . . . Corruption Blocked . | . . . . . . . . Effects 7 | . . . . 7 . . . Message Errors 2 | . . . . 2 . . . Matter Fused 1 | . . . . 1 . . . Energy Discharges 1 | . . . . 1 . . . Data Loss (minor) 3 | . . . . 3 . . . Overload Shots . | . . . . . . . . Overflow Damage 21 | . . . . 5 . 16 . Projectiles . | . . . . . . . . Explosions . | . . . . . . . . Melee 21 | . . . . 5 . 16 . Knockbacks 3 | . 1 . 1 1 . . . Impact 3 | . 1 . 1 1 . . . Kinetic . | . . . . . . . . Secondary . | . . . . . . . . Self-Inflicted Damage . | . . . . . . . . Shots . | . . . . . . . . Rammed 31 | . 4 10 6 9 1 1 . Targets Rammed 38 | . 8 10 7 11 1 1 . Kicked 3 | . 3 . . . . . . Crushed 4 | . 1 . 1 2 . . . Highest Temperature 158 | . 158 24 90 2 133 68 . Average Temperature 33 | . 51 10 30 2 38 29 . Received Heat Transfer 1554 | . 462 54 333 36 498 171 . Siege Activations . | . . . . . . . . Robots Corrupted . | . . . . . . . . Combat Hostiles . | . . . . . . . . Parts Fried . | . . . . . . . . Impact Corruptions 3 | . . . . 1 . 2 . Robots Melted . | . . . . . . . . Combat Hostiles . | . . . . . . . . Parts Melted 8 | . 5 3 . . . . . Heat Transferred 2533 | . 1739 794 . . . . . Parts Sabotaged . | . . . . . . . . Parts Stolen . | . . . . . . . . Parts Stripped . | . . . . . . . . Power Chain Reactions . | . . . . . . . . Missiles Intercepted . | . . . . . . . . Alert | -11 -10 -9 -9 -9 -7 -7 -6 ------- Run | Scr Mat Mat Sto Rec Fac Low Zio Peak Influence 1004 | 5 243 452 447 238 1004 . . Initial 926 | . 3 102 38 113 926 . . Average 293 | 1 131 128 237 90 862 . . Maximum Alert Level 3 | . 1 2 2 1 3 . . Low Security (%) 52 | 100 84 74 32 85 . . . Level 1 25 | . 15 19 66 14 . . . Level 2 3 | . . 6 1 . 9 . . Level 3 18 | . . . . . 90 . . Level 4 . | . . . . . . . . Level 5 . | . . . . . . . . High Security . | . . . . . . . . Max Security . | . . . . . . . . Squads Dispatched 24 | . 6 1 2 . 15 . . Investigation 6 | . 3 . 1 . 2 . . Extermination 3 | . . . . . 3 . . Reinforcement 8 | . 3 1 1 . 3 . . Assault 1 | . . . . . 1 . . Garrison 6 | . . . . . 6 . . Intercept . | . . . . . . . . Searches Triggered 1 | . . . . . 1 . . Construction Impeded . | . . . . . . . . Haulers Reinforced . | . . . . . . . . Active Scanning Responses . | . . . . . . . . Cargo Convoy Interrupts . | . . . . . . . . Stealth | -11 -10 -9 -9 -9 -7 -7 -6 --------- Run | Scr Mat Mat Sto Rec Fac Low Zio Distress Signals 8 | . 1 4 2 . 1 . . Communications Jammed . | . . . . . . . . Distress Signals . | . . . . . . . . Times Spotted 134 | . 24 28 26 13 35 8 . Peak Tracking Total 7 | . 4 7 4 2 4 4 . Tactical Retreats 4 | . 1 1 . . 2 . . Traps | -11 -10 -9 -9 -9 -7 -7 -6 ------- Run | Scr Mat Mat Sto Rec Fac Low Zio Traps Triggered 6 | . 3 . 3 . . . . Indirectly . | . . . . . . . . Trap Hack Attempts . | . . . . . . . . Triggered . | . . . . . . . . Disarmed . | . . . . . . . . Reprogrammed . | . . . . . . . . Reused . | . . . . . . . . Traps Extracted . | . . . . . . . . Installed . | . . . . . . . . Triggered . | . . . . . . . . Machines | -11 -10 -9 -9 -9 -7 -7 -6 ---------- Run | Scr Mat Mat Sto Rec Fac Low Zio Machines Disabled 5 | . . 2 3 . . . . Max in Single Turn 1 | . . 1 1 . . . . Garrison Access 1 | . . . 1 . . . . Machines Sabotaged . | . . . . . . . . Garrisons Compromised . | . . . . . . . . Overloaded Fab Kills . | . . . . . . . . Hacking | -11 -10 -9 -9 -9 -7 -7 -6 --------- Run | Scr Mat Mat Sto Rec Fac Low Zio Machines Accessed 25 | . 3 2 10 6 4 . . Terminals 17 | . 2 1 7 6 1 . . Fabricators 2 | . . . . . 2 . . Repair Stations 5 | . 1 1 2 . 1 . . Recycling Units . | . . . . . . . . Scanalyzers . | . . . . . . . . Garrison Access 1 | . . . 1 . . . . Total Hacks 64 | . 8 9 27 11 9 . . Successful 37 | . 6 6 15 3 7 . . Failed 27 | . 2 3 12 8 2 . . Catastrophic 2 | . . . . 2 . . . Database Lockouts . | . . . . . . . . Manual 18 | . 3 4 5 6 . . . Terminals 42 | . 5 6 19 11 1 . . Fabricators 6 | . . . . . 6 . . Repair Stations 15 | . 3 3 7 . 2 . . Recycling Units . | . . . . . . . . Scanalyzers . | . . . . . . . . Garrison Access 1 | . . . 1 . . . . Terminal Hacks 19 | . 3 3 9 3 1 . . Part Schematic 1 | . 1 . . . . . . Robot Schematic 1 | . . . 1 . . . . Prototype ID Bank 4 | . 1 . 3 . . . . Open Door 1 | . . . 1 . . . . Branch Access Points 2 | . . 1 . . 1 . . Terminal Index 1 | . 1 . . . . . . Unreport Threat 4 | . . 2 . 2 . . . Locate Traps 3 | . . . 3 . . . . Hauler Manifests 1 | . . . 1 . . . . Zone Layout 1 | . . . . 1 . . . Fabricator Hacks 6 | . . . . . 6 . . Load Schematic 3 | . . . . . 3 . . Build 3 | . . . . . 3 . . Repair Station Hacks 8 | . 2 2 4 . . . . Scan Component 4 | . 1 1 2 . . . . Repair 4 | . 1 1 2 . . . . Recycling Unit Hacks . | . . . . . . . . Scanalyzer . | . . . . . . . . Garrison Access Hacks 1 | . . . 1 . . . . Seal Access 1 | . . . 1 . . . . Unauthorized Hacks 3 | . 1 1 1 . . . . Terminals 3 | . 1 1 1 . . . . Botnet 2 | . . 1 1 . . . . Operators 1 | . 1 . . . . . . Fabricators . | . . . . . . . . Repair Stations . | . . . . . . . . Recycling Units . | . . . . . . . . Scanalyzers . | . . . . . . . . Garrison Access . | . . . . . . . . Data Cores Recovered . | . . . . . . . . Used . | . . . . . . . . Hacking Detections 21 | . 3 2 7 5 4 . . Full Trace Events 4 | . 1 . 1 . 2 . . Feedback Events 1 | . . . 1 . . . . Corruption 1 | . . . 1 . . . . Feedback Blocked . | . . . . . . . . Robot Schematics Acquired 1 | . . . 1 . . . . Robots Built 9 | . . . . . 9 . . Authchips 1 | . . . . . 1 . . Time 297 | . . . . . 297 . . Total Robot Build Rating 18 | . . . . . 18 . . Part Schematics Acquired 1 | . 1 . . . . . . Parts Built . | . . . . . . . . Authchips . | . . . . . . . . Time . | . . . . . . . . Total Part Build Rating . | . . . . . . . . Parts Repaired 4 | . 1 1 2 . . . . Time 104 | . 26 26 52 . . . . Parts Recycled . | . . . . . . . . Recycled Matter . | . . . . . . . . Retrieved Matter . | . . . . . . . . Retrieved Components . | . . . . . . . . Parts Scanalyzed . | . . . . . . . . Part Schematics Acquired . | . . . . . . . . Parts Damaged . | . . . . . . . . Bothacking | -11 -10 -9 -9 -9 -7 -7 -6 ------------ Run | Scr Mat Mat Sto Rec Fac Low Zio Used RIF Installer . | . . . . . . . . Robots Hacked . | . . . . . . . . Non-combat . | . . . . . . . . Combat . | . . . . . . . . Robot Hacks Applied . | . . . . . . . . Relay Couplers Released . | . . . . . . . . Fabnet Peak Effective % . | . . . . . . . . Robots Rewired . | . . . . . . . . Allies Hacked 1 | . . . . . 1 . . Hacks Repelled . | . . . . . . . . Allies | -11 -10 -9 -9 -9 -7 -7 -6 -------- Run | Scr Mat Mat Sto Rec Fac Low Zio Total Allies 19 | . . . 10 . 9 . . Largest Group 10 | . . . 10 10 9 . . Highest-Rated Group 90 | . . . 88 87 90 . . Highest-Rated Ally 18 | . . . 16 16 18 . . Total Orders . | . . . . . . . . Ally Attacks 266 | . . . 8 214 44 . . Total Damage 1884 | . . . 68 885 931 . . Kills 42 | . . . 2 29 11 . . Allies Corrupted . | . . . . . . . . Allies Melted . | . . . . . . . . Intel | -11 -10 -9 -9 -9 -7 -7 -6 ------- Run | Scr Mat Mat Sto Rec Fac Low Zio Robot Analysis Total . | . . . . . . . . Derelict Logs Recovered 2 | . . . . . . 2 . Drone Launches . | . . . . . . . . Drone Recoveries . | . . . . . . . . Exploration | -11 -10 -9 -9 -9 -7 -7 -6 ------------- Run | Scr Mat Mat Sto Rec Fac Low Zio Turns Passed 6081 | 81 717 1186 1423 1095 1123 395 61 Spaces Moved 2860 | 44 267 568 598 631 537 177 38 Core 4 | 4 . . . . . . . Treads 2788 | 40 199 568 598 631 537 177 38 Legs 68 | . 68 . . . . . . Wheels . | . . . . . . . . Hover . | . . . . . . . . Flight . | . . . . . . . . Fastest Speed 50 | 50 120 160 160 160 160 160 160 Average Speed 164 | 150 152 165 179 160 160 160 160 Slowest Speed 240 | 160 240 240 240 160 160 160 160 Overloaded Moves . | . . . . . . . . Propulsion Burnouts . | . . . . . . . . Robots Hopped . | . . . . . . . . Cave-ins Triggered . | . . . . . . . . Exploration Rate (%) 41 | 4 50 41 88 98 17 28 9 Regions Visited 7 Branch Regions 4 Pre-discovered Areas 1 | . . . . . . 1 . Known Exits Taken 2 | . . 1 . . 1 . . Unknown Exits Taken 5 | 1 1 . 1 1 . 1 . Scrap Searched 1 | . . . . . . 1 . Spaces Dug . | . . . . . . . . Terrain Destroyed 13 | . . 6 . . 6 1 . Melee . | . . . . . . . . Projectile 1 | . . . . . . 1 . AOE 12 | . . 6 . . 6 . . Terrain Rammed . | . . . . . . . . Walls Destroyed . | . . . . . . . . Machines Disabled . | . . . . . . . . Actions | -11 -10 -9 -9 -9 -7 -7 -6 --------- Run | Scr Mat Mat Sto Rec Fac Low Zio Total 3728 | 55 457 731 808 704 682 253 38 Wait 348 | . 88 52 54 59 50 45 . Move 2853 | 43 266 567 597 630 536 176 38 Hop . | . . . . . . . . Pick Up 60 | 5 13 18 15 . 6 3 . Fast Attach 17 | 5 4 2 3 . 2 1 . Attach 19 | 1 3 4 2 . 7 2 . Detach 1 | . . 1 . . . . . Swap 52 | . 4 12 20 . 12 4 . Drop 65 | . 8 18 23 . 12 4 . Fire 265 | 1 63 47 78 3 56 17 . Melee 3 | . . . 3 . . . . Ram . | . . . . . . . . Kick 3 | . 3 . . . . . . Crush 35 | . 5 10 7 11 1 1 . Escape Stasis 6 | . . . 6 . . . . Rewire 1 | . . . . 1 . . . Trap . | . . . . . . . . Miscellaneous . | . . . . . . . . Route ------- -11/Scrapyard -10/Materials (discovered 3 exits: *Mat / [*Min x2]) -9/Materials (discovered 3 exits: *Min x2 / *Sto) -9/Storage (discovered 2 exits: [*Mat] / *Rec) -9/Recycling -7/Factory (discovered 2 exits: *Low x2) -7/Lower Caves -6/Zion History --------- Turn | Location | Event 30 | -11/Scrapyard | Discovered new exit (range 15) 82 | -11/Scrapyard | Entered Materials 312 | -10/Materials | Build established: Mutant 387 | -10/Materials | Discovered new exit (range 8) 504 | -10/Materials | Discovered new exit (range 13) 603 | -10/Materials | Repaired Lgt. Treads 655 | -10/Materials | Discovered new exit (range 12) 799 | -10/Materials | Entered another Materials area 799 | -9/Materials | Evolved 2 slots: Propulsion x1, Utility x1 840 | -9/Materials | Build established: Scavenger-Mutant 843 | -9/Materials | Discovered new exit (range 11) 1107 | -9/Materials | Discovered new exit (range 14) 1209 | -9/Materials | Identified exit to Mines 1209 | -9/Materials | Identified exit to Storage 1662 | -9/Materials | Build established: Mutant 1782 | -9/Materials | Repaired Lgt. Treads 1985 | -9/Materials | Entered Storage 2157 | -9/Storage | Repaired Lgt. Armor Plating 2559 | -9/Storage | Build established: Scavenger-Mutant 2641 | -9/Storage | Repaired Lgt. Treads 2694 | -9/Storage | Discovered new exit (range 9) 2916 | -9/Storage | Assisted by bots powering up and referring to "LRC-V3" 3232 | -9/Storage | Build established: Commander-Mutant 3397 | -9/Storage | Used back door to open Recycling access 3397 | -9/Storage | Discovered new exit (range 3) 3408 | -9/Storage | Entered Recycling 3408 | -9/Recycling | Accompanied by 10 allies 3414 | -9/Recycling | Spotter reported a threat 3446 | -9/Recycling | Spotter reported a threat 3467 | -9/Recycling | Spotter reported a threat 3486 | -9/Recycling | Spotter reported a threat 3486 | -9/Recycling | Spotter reported a threat 3524 | -9/Recycling | Spotter reported a threat 3602 | -9/Recycling | Spotter reported a threat 3691 | -9/Recycling | Spotter reported a threat 3691 | -9/Recycling | Spotter reported a threat 3719 | -9/Recycling | Spotter reported a threat 3729 | -9/Recycling | Spotter reported a threat 3759 | -9/Recycling | Spotter reported a threat 3759 | -9/Recycling | Spotter reported a threat 3772 | -9/Recycling | Spotter reported a threat 3812 | -9/Recycling | Spotter reported a threat 3813 | -9/Recycling | Spotter reported a threat 3865 | -9/Recycling | Spotter reported a threat 3867 | -9/Recycling | Spotter reported a threat 3891 | -9/Recycling | Spotter reported a threat 3916 | -9/Recycling | Spotter reported a threat 3944 | -9/Recycling | Spotter reported a threat 3954 | -9/Recycling | Spotter reported a threat 3968 | -9/Recycling | Spotter reported a threat 3991 | -9/Recycling | Spotter reported a threat 3991 | -9/Recycling | Spotter reported a threat 4005 | -9/Recycling | Spotter reported a threat 4048 | -9/Recycling | Spotter reported a threat 4066 | -9/Recycling | Spotter reported a threat 4070 | -9/Recycling | Spotter reported a threat 4101 | -9/Recycling | Spotter reported a threat 4182 | -9/Recycling | Spotter reported a threat 4275 | -9/Recycling | Spotter reported a threat 4301 | -9/Recycling | Spotter reported a threat 4309 | -9/Recycling | Spotter reported a threat 4328 | -9/Recycling | Spotter reported a threat 4348 | -9/Recycling | Spotter reported a threat 4348 | -9/Recycling | Spotter reported a threat 4353 | -9/Recycling | Spotter reported a threat 4362 | -9/Recycling | Spotter reported a threat 4401 | -9/Recycling | Spotter reported a threat 4406 | -9/Recycling | Spotter reported a threat 4421 | -9/Recycling | Spotter reported a threat 4430 | -9/Recycling | Discovered new exit (range 8) 4438 | -9/Recycling | Spotter reported a threat 4438 | -9/Recycling | Spotter reported a threat 4503 | -9/Recycling | Entered Factory 4503 | -7/Factory | Accompanied by 9 allies 4503 | -7/Factory | Evolved 4 slots: Propulsion x1, Utility x2, Weapon x1 4718 | -7/Factory | Garrison activated, responded to threat 4903 | -7/Factory | Search patrols dispatched 4933 | -7/Factory | Fabricated L-31 Rogue (x3) 4988 | -7/Factory | Build established: Scavenger-Tank 5033 | -7/Factory | Fabricated L-31 Rogue? 5098 | -7/Factory | Garrison activated, responded to threat 5168 | -7/Factory | Fabricated L-31 Rogue? 5303 | -7/Factory | First assault squad dispatched 5358 | -7/Factory | Identified exit to Lower Caves 5626 | -7/Factory | Entered Lower Caves 5658 | -7/Lower Caves | Spotted B-75 Beast 5799 | -7/Lower Caves | Learned location of Extension (-4) 5985 | -7/Lower Caves | A Derelict revealed a hidden shortcut to a safe place 6000 | -7/Lower Caves | Learned Factory terminal intel 6021 | -7/Lower Caves | Entered Zion 6082 | -6/Zion | Self-destructed Last Messages --------------- 05924_ Acquired 28 matter. 05926_ Lgt. Nuclear Core fries itself beyond repair. 05927_ Dropped Gauss Rifle. 05928_ Acquired Hvy. Assault Rifle. 05929_ Lgt. Nuclear Core fries itself beyond repair. 05985_ A derelict emerges from the shadows: "Hey, you there! You look lost. Come on over to our place to get your bearings." CL-OM8(z) disappears into a concealed tunnel. 06000_ Acquired derelict log, extracted data. Data stored: Factory terminal intel. LOCATION=UNKNOWN GOAL=ESCAPE 06022_ CL-OM8(z): "It's not far from here, follow me." 06056_ CL-OM8(z): "Welcome to Zion!" 06062_ System quarantine in progress... 06062_ PUBLIC SERVICE ANNOUNCEMENT: Quarantine Array scanned 1 system, cleaned 0. 06081_ System quarantine in progress... 06081_ PUBLIC SERVICE ANNOUNCEMENT: Quarantine Array scanned 1 system, cleaned 0. Map ----- +----------------------------------------------------+ | ?????????????????????????????????????????????????? | | ?????????????????????????????????????????????????? | | ?????????????????????????????????????????????????? | | ?????????????????????????????????????????????????? | | ?????????????????????????????????????????????????? | | ?????????????????????????????????????????????????? | | ?????????????????????????????????????????????????? | | ?????????????????????????????????????????????????? | | ?????????????????????????????????????????????????? | | ?????????????????????????????????????????????????? | | ??????????????????????????????????? ????????????? | | ??????????????????????????????????? ??? ###????? | | ?????????????????????????????????" ##?? | | ?????????????????????????????????"" ##? | | ????????????????????????????????? ? ## | | ?????????????????????????????????# ? # | | ?????????????????????????????????# ?? | | ?????????????????????????????????# ??# | | ?????????????????????????????????# ???# | | ?????????????????????????????????# #??? # | | ??????????????????"############?## ##### # | | ???????????????#BB""""""""""""### ## # | | ?????????????### """"""""""""## #? | | ?????????????# ### #? | | ?????????? #? | | ?????????? z @ #? | | ?????????????# ####### ## | | ?????????????### """"""""""""#?????## # | | ???????????????#BB""""""""""""#??????# ## # | | ???????????????????############???####### | | ??????????????????????????????????# | | ??????????????????????????????????# | | ??????????????????????????????????##### | | ??????????????????????????????????????## ## | | ???????????????????????????????????????##?### | | ????????????????????????????????????????????# | | ????????????????????????????????????????????# ### | | ????????????????????????????????????????????# #?? | | ????????????????????????????????????????????# #?? | | ????????????????????????????????????????????# #?? | | ????????????????????????????????????????????# #?? | | ???????????????????????????????????????????## ##? | | ???????????????????????????????????????????# #? | | ???????????????????????????????????????????# #? | | ???????????????????????????????????????????## ##? | | ??????????????????????????????????????????## #? | | ??????????????????????????????????????????# ##? | | ??????????????????????????????????????????## #? | | ??????????????????????????????????????????# #? | | ??????????????????????????????????????????# ##? | +----------------------------------------------------+ Best States ------------- Heat Dissipation 52 Energy Generation 14 Energy Capacity 265 Matter Stores 300 Matter Capacity 300 Sight Range 16 Terrain Scan Density 10 Armor Coverage 375 Evasion (%) 55 Recoil Reduction 4 Kinecelleration 30 Authchip Count 2 Item Schematics ----------------- Hcp. Storage Unit | -10/Materials | Hacked Robot Schematics ------------------ L-31 Rogue | -9/Storage | Hacked Fabricated ------------ L-31 Rogue | x3 | -7/Factory | Authchip L-31 Rogue | x3 | -7/Factory L-31 Rogue | x3 | -7/Factory Alien Tech Used ----------------- None Achievements -------------- None Challenges ------------ None Game ------ Seed GravmagBiometalMatrix Manual? 0 Play Time 00:28:53 Cumulative 708.6 hours Start 2022.04.08 @ 20:16:06 End 2022.04.09 @ 08:56:43 Sessions 2 Manual Loads 0 Difficulty Rogue Special Mode None Game No. 1087 Rogue 1087 Adventurer 0 Explorer 0 Win Type - Total 67 Types 41/1/9/12/4/0/0/0/0 Lore% 89 Gallery% 89 Achievement% 83 Wizard Run 0 Options --------- ASCII 1 Keyboard 0 Movement Numpad Keybinds 0 Fullscreen 0 Font 14/SmallcapsGlow Map View 76x50 Tactical HUD 1 Map Filters NONE Filters NONE Steam 1 RUN: bd43dd7e-c69b-4d85-9a83-7b5aaefb955f